 Dungeon Crawl Stone Soup version 0.28-a0-655-g4eb62b627b (webtiles) character file.

Game seed: 16007375938843400012

62 sleeves the Slasher (level 3, -1/29 HPs)
             Began as a Demonspawn Fighter on Oct 13, 2021.
             Slain by a hobgoblin (3 damage)
             ... led by Robin
             ... on level 2 of the Dungeon.
             The game lasted 00:00:57 (1248 turns).

sleeves the Slasher (Demonspawn Fighter)            Turns: 1248, Time: 00:00:58

Health: -1/29      AC:  8    Str: 23    XL:     3   Next: 85%
Magic:  3/3        EV:  9    Int:  9    God:
Gold:   58         SH:  4    Dex: 12    Spells: 2/2 levels left

rFire   . . .      SeeInvis .   a - +0 long sword
rCold   . . .      Faith    .   c - +0 buckler
rNeg    . . .      Spirit   .   b - +0 scale mail
rPois   .          Reflect  .   (no helmet)
rElec   .          Harm     .   (no cloak)
rCorr   .          Rampage  .   (no gloves)
Will    .....                   (no boots)
Stlth   ..........              (no amulet)
HPRegen 0.09/turn               i - +6 ring of strength
MPRegen 0.08/turn               (no ring)

@: no status effects
A: thin metallic scales 1
a: no special abilities


You were on level 2 of the Dungeon.
You visited 1 branch of the dungeon, and saw 2 of its levels.

You collected 58 gold pieces.

Inventory:

Hand Weapons
 a - a +0 long sword (weapon)
Armour
 b - a +0 scale mail (worn)
 c - a +0 buckler (worn)
Jewellery
 i - a +6 ring of strength (left hand)
   (You found it on level 2 of the Dungeon)
Scrolls
 e - a scroll of fear {unknown}
 f - a scroll of enchant weapon {unknown}
 h - a scroll of teleportation {unknown}
Potions
 d - a potion of might
 g - a potion of attraction {unknown}


   Skills:
 - Level 3.0 Fighting
 + Level 3.8 Long Blades
 - Level 2.6 Armour
 - Level 2.6 Shields


You had 2 spell levels left.
You didn't know any spells.
Your spell library was empty.

Dungeon Overview and Level Annotations

Branches:
Dungeon (2/15)

Altars:

Annotations:
D:2 Robin


Innate Abilities, Weirdness & Mutations

You are partially covered in thin metallic scales. (AC +2)


Message History

Welcome, sleeves the Demonspawn Fighter.
The astounding Orb of Zot lies far below, as if waiting for you to find it.
Press ? for a list of commands and other information.
Found a staircase leading out of the dungeon.
A ball python comes into view.
The ball python hisses angrily.
A ball python is nearby!
A ball python is nearby!
You hit the ball python.
You kill the ball python!
No target in view!
No target in view!
No target in view!
No target in view!
No target in view!
No target in view!
No target in view!
No target in view!
No target in view!
No target in view!
Found a stone staircase leading down.
There is a stone staircase leading down here.
You now have 5 gold pieces.
You now have 21 gold pieces (gained 16).
There is a stone staircase leading down here.
A kobold comes into view. It is wielding a +0 short sword.
The kobold shouts!
A kobold is nearby!
You see here a scroll labelled CUSUSU BOIWE.
A ball python comes into view.
The ball python hisses angrily.
The kobold hits you with a +0 short sword.
You hit the kobold.
You kill the kobold!
Your Long Blades skill increases to level 2!
Things that are here:
a +0 short sword; a kobold corpse You hit the ball python.
The ball python is severely wounded.
The ball python closely misses you. The ball python barely misses you.
The ball python closely misses you. You block the ball python's attack.
You slash the ball python!
You kill the ball python!
No target in view!
No target in view!
No target in view!
No target in view!
No target in view!
No target in view!
No target in view!
You now have 33 gold pieces (gained 12).
Things that are here:
a +0 short sword; a kobold corpse
e - a scroll labelled CUSUSU BOIWE
Things that are here:
a +0 short sword; a kobold corpse
f - a scroll labelled VEFY BURYMYJAK A bat and a ball python come into view.
The ball python hisses angrily.
The bat hits you but does no damage. The bat barely misses you.
You closely miss the ball python. The ball python barely misses you.
The ball python closely misses you. x3
You closely miss the ball python.
The ball python bites you but does no damage.
The ball python grabs you. The ball python constricts you.
You hit the ball python.
The ball python is moderately wounded.
You block the ball python's attack. The ball python constricts you.
The ball python bites you but does no damage.
The ball python constricts you.
You hit the ball python.
You kill the ball python!
The bat closely misses you. The bat misses you.
You slash the bat!
You kill the bat!
No target in view!
No target in view!
No target in view!
No target in view!
No target in view!
No target in view!
No target in view!
No target in view!
No target in view! 2 jackals come into view.
Found a faded altar of an unknown god.
The jackal barks! x2
There are monsters nearby!
There are monsters nearby!
You hit the jackal.
The jackal is almost dead.
You block the jackal's attack. The jackal barely misses you.
You slash the jackal!
You kill the jackal!
You miss the jackal.
The jackal bites you but does no damage.
You closely miss the jackal. The jackal closely misses you. x2
You closely miss the jackal. The jackal misses you.
You block the jackal's attack.
You hit the jackal.
The jackal is moderately wounded.
You block the jackal's attack. The jackal closely misses you.
You slash the jackal!
You kill the jackal!
You have reached level 2!
Your demonic ancestry asserts itself...
Thin metallic scales grow over part of your body.
Things that are here:
a +0 robe; a human skeleton
Found a stone staircase leading down.
There is a stone staircase leading down here.
A goblin comes into view. It is wielding a +0 club.
The goblin misses you.
You hit the goblin.
The goblin is severely wounded.
The goblin barely misses you.
You slash the goblin!
You kill the goblin!
No target in view!
No target in view!
No target in view!
No target in view!
No target in view!
No target in view!
No target in view!
A giant cockroach comes into view.
Things that are here:
a +0 club; a goblin corpse A giant cockroach is nearby!
A giant cockroach is nearby!
The giant cockroach closely misses you.
You barely miss the giant cockroach.
The giant cockroach bites you but does no damage.
The giant cockroach closely misses you.
You hit the giant cockroach.
You kill the giant cockroach!
No target in view!
No target in view!
No target in view!
No target in view!
No target in view!
No target in view!
No target in view!
No target in view!
A frilled lizard comes into view.
A frilled lizard is nearby!
The frilled lizard bites you.
Your scale mail prevents you from hitting the frilled lizard.
You block the frilled lizard's attack.
You miss the frilled lizard. The frilled lizard barely misses you.
The frilled lizard bites you but does no damage.
You completely miss the frilled lizard.
The frilled lizard bites you but does no damage.
You miss the frilled lizard.
The frilled lizard bites you but does no damage.
You barely miss the frilled lizard.
The frilled lizard bites you but does no damage. x2
You slash the frilled lizard!
You kill the frilled lizard!
No target in view!
No target in view!
No target in view!
No target in view!
HP restored.
Found 20 stones.
You see here a frilled lizard corpse.
Found a ring mail.
No target in view!
No target in view!
No target in view!
No target in view!
No target in view!
No target in view!
No target in view!
No target in view!
No target in view!
No target in view!
Key pressed, stopping explore.
Found a club.
No target in view!
No target in view!
No target in view!
No target in view!
No target in view!
No target in view!
No target in view!
No target in view!
No target in view!
No target in view!
No target in view!
A bat comes into view.
A bat is nearby!
The bat closely misses you.
You hit the bat.
You kill the bat!
No target in view!
No target in view!
No target in view!
No target in view!
No target in view!
No target in view!
No target in view!
No target in view!
A bat comes into view.
A bat is nearby!
A bat is nearby!
You closely miss the bat. You block the bat's attack.
The bat hits you but does no damage.
You closely miss the bat. The bat closely misses you.
You slash the bat!
You kill the bat!
No target in view!
No target in view!
No target in view!
No target in view!
No target in view!
No target in view!
No target in view!
No target in view!
g - a lumpy red potion A goblin comes into view.
It is wielding a +0 club.
The goblin shouts!
A goblin is nearby!
A goblin comes into view. It is wielding a +0 club.
The goblin shouts!
You hear a bark!
You hear an angry hiss.
The goblin moves out of view.
The goblin hits you but does no damage.
You closely miss the goblin.
A ball python comes into view.
The goblin hits you with a +0 club.
You barely miss the goblin.
The ball python hisses angrily.
The goblin completely misses you. The goblin hits you but does no damage.
You barely miss the goblin. The goblin misses you.
The goblin closely misses you. The goblin hits you but does no damage.
You closely miss the goblin. The goblin barely misses you.
The goblin hits you but does no damage.
A kobold comes into view. It is wielding a +0 club.
A jackal comes into view.
You block the goblin's attack.
A ball python comes into view.
Your scale mail prevents you from hitting the goblin.
The kobold shouts!
The goblin hits you with a +0 club. x2
You are too injured to fight recklessly!
You are too injured to fight recklessly!
You are too injured to fight recklessly!
You are too injured to fight recklessly!
You are too injured to fight recklessly!
There are monsters nearby!
There are monsters nearby!
You closely miss the goblin.
The goblin hits you but does no damage. x2
You barely miss the goblin.
A jackal comes into view.
The goblin hits you with a +0 club.
The jackal moves out of view.
You completely miss the goblin.
The goblin hits you but does no damage. x2
You barely miss the goblin. The goblin hits you with a +0 club.
* * * LOW HITPOINT WARNING * * *
You barely miss the goblin. The goblin closely misses you.
You barely miss the goblin. The goblin barely misses you.
You hit the goblin.
You kill the goblin!
You barely miss the goblin. The goblin hits you but does no damage.
You hit the goblin.
You kill the goblin!
You barely miss the ball python.
The ball python bites you but does no damage.
The ball python grabs you. The ball python constricts you.
* * * LOW HITPOINT WARNING * * *
The ball python barely misses you. The ball python constricts you.
You closely miss the ball python. The ball python bites you.
* * * LOW HITPOINT WARNING * * *
The ball python constricts you. The ball python bites you.
* * * LOW HITPOINT WARNING * * *
The ball python constricts you.
The jackal barks!
You slash the ball python!
You kill the ball python!
The ball python bites you but does no damage.
The ball python grabs you. The ball python constricts you.
You closely miss the ball python.
The ball python bites you but does no damage.
The ball python constricts you.
You slash the ball python!
You kill the ball python!
The jackal closely misses you.
You slash the jackal!
You kill the jackal!
You slash the kobold!
You kill the kobold!
You hit the jackal.
The jackal is lightly wounded.
The jackal barely misses you.
You hit the jackal but do no damage.
The jackal is lightly wounded.
The jackal bites you but does no damage. x2
You barely miss the jackal.
The jackal is lightly wounded.
The jackal closely misses you. x2
You barely miss the jackal.
The jackal is lightly wounded.
The jackal bites you but does no damage.
You slash the jackal!
You kill the jackal!
Your Long Blades skill increases to level 3!
Items here: ))) ††.
A goblin comes into view. It is wielding a +0 club.
The goblin shouts!
A goblin comes into view. It is wielding a +0 club.
There are monsters nearby!
There are monsters nearby!
There are monsters nearby!
The goblin shouts!
You hear a shout!
A goblin comes into view. It is wielding a +0 club.
You slash the goblin!
You kill the goblin!
You slash the goblin!
You kill the goblin!
No target in view!
No target in view!
No target in view!
No target in view!
No target in view!
No target in view!
No target in view!
No target in view!
No target in view!
No target in view!
No target in view!
No target in view!
No target in view!
A frilled lizard comes into view.
You block the goblin's attack.
Things that are here:
a +0 club; a goblin corpse
There are monsters nearby!
There are monsters nearby!
You hit the goblin.
You kill the goblin!
The frilled lizard barely misses you.
You closely miss the frilled lizard.
The frilled lizard unfolds its giant frill.
The frilled lizard bites you.
You slash the frilled lizard!
You kill the frilled lizard!
No target in view!
No target in view!
No target in view!
No target in view!
No target in view!
No target in view!
No target in view!
No target in view!
No target in view!
A kobold comes into view. It is wielding a +0 short sword.
The kobold shouts!
A kobold is nearby!
A kobold is nearby!
You closely miss the kobold.
The kobold hits you with a +0 short sword.
You hit the kobold.
The kobold is severely wounded.
The kobold hits you but does no damage.
A rat comes into view.
The kobold barely misses you.
You closely miss the kobold.
The kobold is severely wounded.
The kobold hits you but does no damage.
You hit the kobold.
You kill the kobold!
You see here a +0 short sword.
The rat bites you but does no damage.
You barely miss the rat. The rat bites you but does no damage.
The rat bites you.
You hit the rat.
The rat is heavily wounded.
The rat closely misses you.
You closely miss the rat.
The rat is heavily wounded.
The rat bites you but does no damage.
You closely miss the rat.
The rat is heavily wounded.
The rat barely misses you.
A rat is nearby!
A rat is nearby!
You closely miss the rat.
The rat is heavily wounded.
The rat bites you but does no damage. You block the rat's attack.
You closely miss the rat.
The rat is heavily wounded.
The rat bites you but does no damage.
You hit the rat.
You kill the rat!
No target in view!
No target in view!
No target in view!
No target in view!
You see here a rat corpse.
Found a stone staircase leading down.
A ball python comes into view.
A ball python is nearby!
The ball python closely misses you. The ball python barely misses you.
You closely miss the ball python. You block the ball python's attack.
The ball python closely misses you.
You barely miss the ball python. The ball python closely misses you.
The ball python grabs you. The ball python constricts you.
The ball python bites you but does no damage.
The ball python constricts you.
You hit the ball python but do no damage.
The ball python barely misses you. The ball python constricts you.
The ball python bites you but does no damage.
The ball python constricts you.
You barely miss the ball python.
The ball python bites you but does no damage.
The ball python constricts you.
You slash the ball python!
You kill the ball python!
No target in view!
No target in view!
No target in view!
No target in view!
No target in view!
No target in view!
No target in view!
No target in view!
You see here a ball python corpse.
You see here a ball python corpse.
Found an escape hatch in the floor.
Found a hand axe.
h - a scroll labelled DEMOYM DYRRU No target in view!
No target in view!
No target in view!
No target in view!
No target in view!
No target in view!
No target in view!
There is a stone staircase leading down here.
Done exploring.
Done exploring.
Done exploring.
No target in view!
No target in view!
No target in view!
No target in view!
No target in view!
(D) Dungeon
Where to? (? - help)
You see here a +0 short sword.
There is a stone staircase leading down here.
You climb downwards.
There is a stone staircase leading up here.
An adder comes into view.
The adder hisses angrily.
An adder is nearby!
An adder is nearby!
A frilled lizard comes into view.
Found 12 gold pieces.
The frilled lizard hisses angrily.
A goblin comes into view. It is wielding a +0 dagger.
You hit the adder.
The adder is moderately wounded.
The adder bites you but does no damage.
A kobold comes into view. It is wielding a +0 short sword.
You block the adder's attack.
You miss the adder.
The adder is moderately wounded.
You block the adder's attack.
You miss the adder.
The adder is moderately wounded.
The adder barely misses you. You block the adder's attack.
You closely miss the adder.
The adder is moderately wounded.
The adder bites you.
You are poisoned.
The adder poisons you! The adder bites you but does no damage.
The frilled lizard closely misses you.
You hit the adder but do no damage.
The adder is moderately wounded.
You feel sick. The adder bites you but does no damage.
The frilled lizard bites you but does no damage.
The goblin completely misses you. The adder closely misses you.
You feel sick.
The frilled lizard bites you but does no damage.
You feel sick.
The frilled lizard bites you but does no damage.
You feel sick.
You are no longer poisoned.
You closely miss the adder.
The adder is moderately wounded.
You block the adder's attack. x2
You slash the adder!
The adder is almost dead.
The adder barely misses you. The adder bites you.
You miss the adder.
The adder is almost dead.
You block the adder's attack.
You hit the adder.
You kill the adder!
You have reached level 3!
Your experience leads to an increase in your attributes!
Increase (S)trength, (I)ntelligence, or (D)exterity?
You feel stronger.
You miss the frilled lizard. The frilled lizard bites you.
You slash the frilled lizard!
You kill the frilled lizard!
The goblin hits you but does no damage.
You closely miss the goblin. The goblin hits you with a +0 dagger.
You hit the goblin.
You kill the goblin!
You barely miss the kobold. The kobold hits you but does no damage.
You barely miss the kobold. The kobold misses you.
You slash the kobold!
You kill the kobold!
No target in view!
No target in view!
No target in view!
No target in view!
No target in view!
No target in view!
No target in view!
No target in view!
A bat comes into view.
The bat moves out of view.
HP restored.
Things that are here:
a +0 short sword; a +0 dagger; an adder corpse You now have 45 gold pieces (gained 12).
A bat comes into view.
The bat moves out of view.
The bat hits you but does no damage. x2
You slash the bat!
You kill the bat!
No target in view!
No target in view!
No target in view!
No target in view!
A quokka and a worm come into view.
There are monsters nearby!
There are monsters nearby!
Found 18 arrows.
You slash the worm!
The worm is heavily wounded.
The worm bites you.
You slash the worm!
You kill the worm!
The quokka closely misses you.
You closely miss the quokka. The quokka bites you. x2
You barely miss the quokka. The quokka closely misses you.
You hit the quokka but do no damage. The quokka barely misses you.
The quokka bites you but does no damage.
You hit the quokka.
The quokka is almost dead.
The quokka completely misses you.
You hit the quokka but do no damage.
The quokka is almost dead.
You block the quokka's attack. The quokka barely misses you.
You hit the quokka.
You kill the quokka!
No target in view!
No target in view!
No target in view!
No target in view!
No target in view!
No target in view!
Found 22 stones.
An adder comes into view.
The adder hisses angrily.
An adder is nearby!
A bat comes into view.
Found 6 gold pieces.
You barely miss the adder. The bat barely misses you.
The adder bites you but does no damage. x2
You slash the adder!
The adder is severely wounded.
The bat barely misses you. The adder bites you but does no damage.
The adder closely misses you.
You slash the adder!
You kill the adder!
The bat misses you.
You hit the bat but do no damage. The bat barely misses you.
The bat hits you but does no damage.
You closely miss the bat. The bat closely misses you.
The bat barely misses you.
You closely miss the bat. You block the bat's attack.
The bat hits you but does no damage.
You closely miss the bat. The bat barely misses you.
You barely miss the bat. The bat hits you but does no damage.
You block the bat's attack.
You hit the bat.
You kill the bat!
No target in view!
No target in view!
No target in view!
No target in view!
No target in view!
No target in view!
No target in view!
No target in view!
You see here a bat corpse.
Found 31 bolts.
i - a +6 ring of strength You now have 51 gold pieces (gained 6).
You now have 58 gold pieces (gained 7).
A goblin comes into view.
It is wielding a +2 dagger of venom. 2 goblins and 2 hobgoblins come into view.
A goblin is wielding a +0 vampiric dagger.
The goblin shouts!
The hobgoblin shouts! x2; You hear a shout!
A hobgoblin comes into view.
A goblin comes into view. It is wielding a +0 club.
Robin of the Strong Arm comes into view.
They are wielding a +0 club.
A hobgoblin comes into view.
Robin shouts!
The goblin shouts!
The hobgoblin shouts!
Robin roars a battlecry!
The goblins go into a battle-frenzy!
You feel stronger.
i - a +6 ring of strength (left hand)
A goblin comes into view. It is wielding a +0 club.
Robin throws the goblin at you! You block the goblin's attack.
The goblin shouts!
You hear a shout!
The goblin no longer looks unusually strong.
You closely miss the goblin. You barely miss the goblin.
You block the goblin's attack.
The goblin hits you but does no damage. x2
You completely miss the goblin. The goblin hits you with a +0 dagger.
The goblin hits you but does no damage.
You are poisoned.
The goblin hits you with a +0 dagger.
You closely miss the goblin.
You feel sick. The goblin hits you but does no damage.
You are more poisoned.
The goblin hits you but does no damage.
You hit the goblin but do no damage.
You feel very sick. The goblin closely misses you.
The goblin hits you but does no damage.
You feel very sick.
You feel sick.
You feel sick.
You feel sick.
You feel sick.
Robin roars a battlecry!
The goblins go into a battle-frenzy!
You miss the goblin.
You feel sick. The goblin hits you but does no damage.
You hit the goblin.
You kill the goblin!
You feel sick. The goblin hits you but does no damage.
Robin throws the goblin at you! You block the goblin's attack.
The goblin closely misses you. The hobgoblin barely misses you.
The goblin barely misses you.
You slash the goblin!
You kill the goblin!
You feel sick.
You are no longer poisoned.
Robin's bangles clink loudly.
The goblin hits you but does no damage. You block the hobgoblin's attack.
You slash the goblin!
You kill the goblin!
The goblin hits you but does no damage. You block the hobgoblin's attack.
The goblin hits you but does no damage. The hobgoblin hits you.
* * * LOW HITPOINT WARNING * * *
You block the hobgoblin's attack. The goblin hits you but does no damage.
Things that are here:
a +0 club; a +0 dagger; a goblin corpse The hobgoblin hits you.
* * * LOW HITPOINT WARNING * * *
The goblin hits you but does no damage. The hobgoblin hits you.
You die...

#########...........##..
..##.....#####..####.......
...........## #...#......#
..............# #.#.....# .
..............# #.#####.####..
............)g# #..#..........
............gg# ##...##.......
............g.# #............
..........g.g@#####.####.#####
.................##.# #.#
...##..g..####.##)# #.#
#####.###### #....##...#
#......g...###..#.....##
#..†....gg...............
#......###.####........#.
#......#...#(.#..........
#......#..g#..#..........


You could see Robin, 4 hobgoblins and 2 goblins.

Vanquished Creatures
  2 adders (D:2)
  A worm (D:2)
  5 bats
  A giant cockroach (D:1)
  10 goblins
  4 jackals (D:1)
  4 kobolds
  A quokka (D:2)
  6 ball pythons (D:1)
  3 frilled lizards
  A rat (D:1)
38 creatures vanquished.

Notes
Turn   | Place    | Note
-------+----------+-------------------------------------------
     0 | D:1      | sleeves the Demonspawn Fighter began the quest for the Orb.
     0 | D:1      | Reached XP level 1. HP: 18/18 MP: 1/1
   149 | D:1      | Reached skill level 2 in Long Blades
   193 | D:1      | Found a faded altar of an unknown god.
   201 | D:1      | Gained mutation: You are partially covered in thin metallic
                  | scales. (AC +2) [demonic ancestry]
   201 | D:1      | Reached XP level 2. HP: 24/24 MP: 2/2
   349 | D:1      | HP: 12/24 [goblin (2)]
   355 | D:1      | HP: 12/24 [constriction (1)]
   367 | D:1      | Reached skill level 3 in Long Blades
   968 | D:2      | Reached XP level 3. HP: 22/29 MP: 3/3
  1213 | D:2      | Noticed Robin
  1239 | D:2      | HP: 13/29 [poisoned by a goblin]
  1244 | D:2      | HP: 7/29 [poisoned by a goblin]
  1247 | D:2      | HP: 2/29 [hobgoblin[Robin] (4)]
  1248 | D:2      | Slain by a hobgoblin

Illustrated notes

Levels and vault maps discovered:
D:1:      psy_arrival_basics, layout_loops_ring,
          dreamdust_ecumenical_altar_hidden_monk_grotto
D:2:      minmay_wonky_spiral, layout_rooms, minmay_octomino_c4, uniq_robin

Skill      XL: |  1  2 |
---------------+-------+-----
Long Blades    | 2 3 |  3.8
Fighting       | |  3.0
Armour         | |  2.6
Shields        | |  2.6

Action                   || total
-------------------------++-------
Melee: Long sword        ||   120
Armor: Scale mail        ||    68
Dodge: Dodged            ||    65
Block: Buckler           ||    26

Table legend: (Time is in decaauts)
 A = Elapsed time spent in this place.
 B = Non-inter-level travel time spent in this place.
 C = Inter-level travel time spent in this place.
 D = Time resting spent in this place.
 E = Time spent auto-exploring this place.
 F = Levels seen in this place.
 G = Mean time per level.
                   A        B        C        D        E       F      G
               +--------+--------+--------+--------+--------+-----+--------+
         Total |   1282 |   1256 |     26 |      0 |    998 |   2 |  641.0 |
       Dungeon |   1282 |   1256 |     26 |      0 |    998 |   2 |  641.0 |
               +--------+--------+--------+--------+--------+-----+--------+

Top non-repeatable levels by time:
     D:1: 957 daAuts
     D:2: 324 daAuts
